 Dungeon Crawl Stone Soup version 0.28-a0-1435-g82390b3a13 (webtiles) character file.

Game seed: 4754211681082928560

41 Hasart the Skirmisher (level 3, -8/37 HPs)
             Began as an Ogre Warper on Jan 9, 2022.
             Mangled by a gnoll (10 damage)
             ... on level 1 of the Dungeon.
             The game lasted 00:03:49 (1705 turns).

Hasart the Skirmisher (Ogre Warper)                 Turns: 1705, Time: 00:03:50

Health: -8/37      AC:  3    Str: 17    XL:     3   Next: 52%
Magic:  6/6        EV:  9    Int: 20    God:
Gold:   34         SH:  0    Dex:  8    Spells: 4/6 levels left

rFire   . . .      SeeInvis .   a - +0 hand axe
rCold   . . .      Faith    .   (no shield)
rNeg    . . .      Spirit   .   b - +0 robe
rPois   .          Reflect  .   (helmet restricted)
rElec   .          Harm     .   (no cloak)
rCorr   .          Rampage  .   (gloves unavailable)
Will    .....                   (boots unavailable)
Stlth   +.........              (no amulet)
HPRegen 0.12/turn               g - +6 ring of intelligence
MPRegen 0.10/turn               (no ring)

@: no status effects
A: large, unfitting armour, tough skin 1
a: no special abilities


You were on level 1 of the Dungeon.
You visited 1 branch of the dungeon, and saw 2 of its levels.

You collected 34 gold pieces.

Inventory:

Hand Weapons
 a - a +0 hand axe (weapon)
Armour
 b - a +0 robe (worn)
Jewellery
 g - a +6 ring of intelligence (left hand)
Scrolls
 c - 2 scrolls of blinking
 f - 2 scrolls of teleportation {unknown}
 h - a scroll of enchant armour {unknown}
Potions
 d - 2 potions of mutation {unknown}
 e - a potion of flight {unknown}


   Skills:
 + Level 3.5 Fighting
 * Level 3.1 Axes
 - Level 1.0 Throwing
 - Level 2.1 Dodging
 - Level 2.4 Spellcasting
 + Level 2.9 Translocations


You had 4 spell levels left.
You knew the following spells:

 Your Spells              Type           Power      Damage    Failure   Level
a - Blink                 Tloc           28%        N/A       7%          2

Your spell library contained the following spells:

 Spells                   Type           Power      Damage    Failure   Level
 Gell's Gravitas          Tloc           14%        N/A       14%         3
 Lesser Beckoning         Tloc           14%        N/A       14%         3
 Teleport Other           Tloc           14%        N/A       14%         3
 Conjure Flame            Conj/Fire      2%         6-21      41%         3
 Ignite Poison            Fire/Tmut/Pois 2%         N/A       41%         3
 Sticky Flame             Conj/Fire      2%         2d3       83%         4
 Manifold Assault         Tloc           14%        N/A       77%         5


Dungeon Overview and Level Annotations

Branches:
Dungeon (2/15)

Altars:


Innate Abilities, Weirdness & Mutations

You are too large for most types of armour.
You have tough skin. (AC +1)


Message History

You hit the endoplasm.
You kill the endoplasm!
f - 2 scrolls labelled JUIKOTE VIHUACS (gained 1)
Found a stone staircase leading down.
You hit the kobold.
You kill the kobold!
The gnoll shouts!
Things that are here:
a +0 whip; a metallic orange potion; a kobold corpse The gnoll hits you with a +0 flail.
The gnoll hits you with a +0 flail! The gnoll hits you with a +0 flail.
Things that are here:
a +0 whip; a metallic orange potion; a kobold corpse
There is a stone staircase leading up here.
The gnoll hits you with a +0 flail!
You climb upwards.
There is a stone staircase leading down here.
You see here a +0 dagger.
There is a stone staircase leading down here.
You see here a +0 dagger.
You see here a +0 dagger.
You see here a +0 dagger.
You closely miss the gnoll. The gnoll hits you with a +0 flail!
You closely miss the gnoll. The gnoll hits you with a +0 flail!
* * * LOW HITPOINT WARNING * * *
You hit the gnoll.
The gnoll is lightly wounded.
The gnoll completely misses you.
You hit the gnoll.
The gnoll is severely wounded.
The gnoll closely misses you. x2
You hit the gnoll.
The gnoll is almost dead.
The gnoll hits you with a +0 flail.
* * * LOW HITPOINT WARNING * * *
You hit the gnoll but do no damage.
The gnoll is almost dead.
The gnoll hits you with a +0 flail!
You die...

#.........# #.........#
#.........#######
#...............#
#.........#####.#####
#.........#...#.#...#######
#.........#.#.#>.......##..
#.........#g#.g............
#.........@.#######.##.##..
#.........####### #.##.##..
######..........###.##..#..
#...............##.#..
#..........##..(##.#..
#..........##...##....
#..........##...###...
#..........##...# #..#
#..........##...# ##.#


You could see a gnoll.

Vanquished Creatures
  A gnoll (D:1)
  2 dart slugs (D:1)
  3 ball pythons
  2 bats (D:2)
  3 endoplasms
  2 giant cockroaches
  4 hobgoblins (D:1)
  3 kobolds
  2 quokkas (D:1)
  A goblin (D:1)
  A rat (D:1)
24 creatures vanquished.

Vanquished Creatures (others)
  4 toadstools (D:1)
4 creatures vanquished.

Grand Total: 28 creatures vanquished

Notes
Turn   | Place    | Note
-------+----------+-------------------------------------------
     0 | D:1      | Hasart the Ogre Warper began the quest for the Orb.
     0 | D:1      | Reached XP level 1. HP: 22/22 MP: 3/3
    75 | D:1      | HP: 1/22 [frozen (4)]
   519 | D:1      | Reached XP level 2. HP: 24/31 MP: 5/5
   622 | D:1      | Learned a level 2 spell: Blink
  1303 | D:2      | Reached XP level 3. HP: 36/37 MP: 6/6
  1705 | D:1      | Mangled by a gnoll

Illustrated notes

Levels and vault maps discovered:
D:1:      ldierk_walled_garden_2, layout_basic, item_on_display_a
D:2:      layout_loops_ring, serial_park_tiny_1, supply_closet_lemuel,
          chequers_serial_rivers_small_b

Skill      XL: |  1  2  3 |
---------------+----------+-----
Fighting       | 3 |  3.5
Axes           | 3 |  3.1
Throwing       | |  1.0
Dodging        | |  2.1
Spellcasting   | |  2.4
Translocations | |  2.9

Action                   || total
-------------------------++-------
Melee: Hand axe          ||    97
Throw: Boomerang         ||     5
Armor: Robe              ||    25
Dodge: Dodged            ||    50

Table legend: (Time is in decaauts)
 A = Elapsed time spent in this place.
 B = Non-inter-level travel time spent in this place.
 C = Inter-level travel time spent in this place.
 D = Time resting spent in this place.
 E = Time spent auto-exploring this place.
 F = Levels seen in this place.
 G = Mean time per level.
                   A        B        C        D        E       F      G
               +--------+--------+--------+--------+--------+-----+--------+
         Total |   1726 |   1675 |     51 |    716 |    570 |   2 |  863.0 |
       Dungeon |   1726 |   1675 |     51 |    716 |    570 |   2 |  863.0 |
               +--------+--------+--------+--------+--------+-----+--------+

Top non-repeatable levels by time:
     D:1: 1560 daAuts
     D:2: 166 daAuts
